 Dungeon Crawl Stone Soup version 0.26-a0-966-gd078a86 (webtiles) character file.

Game seed: 13033786169591959671

93285 DirLemming the Demonic Cataclysm (level 15, -3/127 HPs)
             Began as a Demonspawn Gladiator on Dec 3, 2020.
             Was a High Priest of Qazlal.
             Killed from afar by an eleionoma (21 damage)
             ... with a spray of wooden splinters
             ... on level 2 of the Swamp.
             The game lasted 01:20:37 (27496 turns).

DirLemming the Demonic Cataclysm (DsGl)            Turns: 27496, Time: 01:20:38

Health: -3/127     AC: 29    Str: 32    XL:     15   Next: 60%
Magic:  0/25       EV: 11    Int: 10    God:    Qazlal [*****.]
Gold:   2739       SH: 16    Dex: 14    Spells: 14/14 levels left

rFire    . . .     SeeInvis .   b - +5 broad axe (freeze)
rCold    . . .     Faith    .   O - +2 buckler
rNeg     . . .     Spirit   +   R - +5 chain mail of the Doldrums {+Blink rPois rC- Str+3}
rPois    +         Reflect  .   c - +0 helmet
rElec    .         Harm     .   g - +0 cloak
rCorr    +         Rampage  .   Q - +2 pair of gloves
MR       +....                  (boots unavailable)
Stlth    ..........             (no amulet)
HPRegen  0.31/turn              H - ring of resist corrosion
MPRegen  0.19/turn              m - +6 ring of strength

@: protected from physical damage, repel missiles
A: talons 3, cold resistance 1, foul stench 1, strong 1, magic shield, rot
immunity, MP-powered wands, sharp scales 2
a: Upheaval, Elemental Force, Disaster Area, Renounce Religion, Evoke Blink


You were on level 2 of the Swamp.
You worshipped Qazlal.
Qazlal was extremely pleased with you.
You visited 5 branches of the dungeon, and saw 23 of its levels.
You also visited: Sewer, Ossuary and Bailey.

You collected 3453 gold pieces.
You spent 714 gold pieces at shops.

Inventory:

Hand Weapons
 b - a +5 broad axe of freezing (weapon)
Missiles
 d - 5 throwing nets (quivered)
Armour
 c - a +0 helmet (worn)
 g - a +0 cloak (worn)
 r - +1 fire dragon scales
 w - the +1 chain mail "Usexuoqo" {rC+ rN+ Str-2}
   (You found it on level 5 of the Dungeon)

   It affects your strength (-2).
   It protects you from cold.
   It protects you from negative energy.
 M - a +3 scale mail of poison resistance
 O - a +2 buckler (worn)
 Q - a +2 pair of gloves (worn)
 R - the +5 chain mail of the Doldrums (worn) {+Blink rPois rC- Str+3}
   (You bought it in a shop on level 2 of the Orcish Mines)

   It affects your strength (+3).
   It makes you vulnerable to cold.
   It protects you from poison.
   It lets you blink.
Jewellery
 f - an uncursed ring of positive energy
 m - a +6 ring of strength (right hand)
 v - the ring "Xibeben" {Ice MR+ Dex+2 Slay+3}
   (You found it on level 5 of the Dungeon)

   [ring of ice]

   It enhances your ice magic.
   It affects your dexterity (+2).
   It affects your accuracy and damage with ranged weapons and melee attacks
   (+3).
   It makes you vulnerable to fire.
   It protects you from cold.
   It affects your resistance to hostile enchantments.
 y - an uncursed ring of flight
 H - a ring of resist corrosion (left hand)
 J - an uncursed ring of protection from fire
 L - a +6 ring of dexterity
Wands
 j - a wand of flame (17)
 o - a wand of enslavement (2)
 u - a wand of polymorph (12)
 F - a wand of iceblast (36)
 I - a wand of paralysis (13)
Scrolls
 a - 3 scrolls of enchant armour
 i - 10 scrolls of teleportation
 s - 8 scrolls of blinking
 t - 10 scrolls of identify
 B - 8 scrolls of magic mapping
 E - 9 scrolls of remove curse
 K - 2 scrolls of fog
 N - a scroll of immolation
Potions
 k - 11 potions of curing
 l - 8 potions of might
 n - 4 potions of brilliance
 p - a potion of invisibility
 q - 3 potions of flight
 x - 5 potions of heal wounds
 z - 4 potions of cancellation
 A - a potion of magic
 D - a potion of lignification
 G - 4 potions of haste


   Skills:
 + Level 14.3 Fighting
 + Level 1.2(7.8) Axes
 - Level 12.0 Polearms
 - Level 1.7 Throwing
 + Level 13.0 Armour
 - Level 2.6 Dodging
 - Level 1.0 Stealth
 + Level 8.8 Shields
 + Level 14.5 Invocations


You had 14 spell levels left.
You didn't know any spells.
Your spell library contained the following spells:

 Spells                   Type           Power        Failure   Level
 Corona                   Hex            #......      77%         1
 Freeze                   Ice            #...         77%         1
 Magic Dart               Conj           #...         77%         1
 Sandblast                Erth           #.....       77%         1
 Passwall                 Tmut/Erth      #.......     88%         2
 Searing Ray              Conj           #.....       88%         2
 Slow                     Hex            #.......     88%         2
 Dazzling Flash           Conj/Hex       #.....       98%         3
 Frozen Ramparts          Ice            #.....       98%         3
 Inner Flame              Hex/Fire       #.......     98%         3
 Ozocubu's Armour         Ice            #.......     98%         3
 Portal Projectile        Hex/Tloc       #.....       98%         3
 Stone Arrow              Conj/Erth      #.....       98%         3
 Cause Fear               Hex            #.........   100%        4
 Fulminant Prism          Conj/Hex       #.........   100%        4
 Hailstorm                Conj/Ice       #.......     100%        4
 Iskenderun's Mystic Bla  Conj/Tloc      #.......     100%        4
 Leda's Liquefaction      Hex/Erth       #.........   100%        4
 Petrify                  Tmut/Erth      #.......     100%        4
 Summon Ice Beast         Ice/Summ       #.......     100%        4
 Lee's Rapid Deconstruct  Erth           #.........   100%        5
 Summon Demon             Summ           #.........   100%        5
 Summon Forest            Summ/Tloc      #.........   100%        5
 Summon Mana Viper        Hex/Summ       #.......     100%        5
 Shadow Creatures         Summ           N/A          100%        6
 Summon Hydra             Summ           #.........   100%        7


Dungeon Overview and Level Annotations

Branches:
Dungeon (12/15)            Temple (1/1) D:7            Lair (6/6) D:10
  Swamp (2/4) Lair:2        Snake (0/4) Lair:4        Slime (0/5) Lair:5
    Orc (2/2) D:11            Elf (0/3) Orc:2         Sewer (visited)
Ossuary (visited)          Bailey (visited)

Altars:
Ashenzari
Cheibriados
Dithmenos
Elyvilon
Fedhas
Gozag
Hepliaklqana
Kikubaaqudgha
Makhleb
Nemelex Xobeh
Okawaru
Qazlal
Ru
Trog
Vehumet
Wu Jian
Yredelemnul
The Shining One
Beogh
Jiyva

Shops:
D:11 [   Orc:2 !}![?

Portals:
Pandemonium: Orc:2
Trove: D:10 (give +7 demon blade)


Innate Abilities, Weirdness & Mutations

You have claws for feet.
Your flesh is cold resistant. (rC+)
You may emit foul miasma when damaged in melee.
When hurt, damage is shared between your health and your magic reserves.
You are immune to rotting.
You are mostly covered in razor-sharp scales. (AC +2, Slay +2)
Your muscles are strong. (Str +2)
You expend magic power (3 MP) to strengthen your wands.


Message History

The eleionoma is engulfed in dark miasma.
The eleionoma looks as sick as possible!
The eleionoma hits you but does no damage.
You block the vampire mosquito's attack.
Unknown command.
Unknown command.
Unknown command.
You hit the bunyip. You freeze the bunyip.
The bunyip is almost dead.
You barely miss the eleionoma. You miss the vampire mosquito.
You block the vampire mosquito's attack.
The bunyip is struck by lightning.
You kill the bunyip!
Qazlal accepts your kill.
A four-headed hydra comes into view.
You block the vampire mosquito's attack.
The eleionoma hurls a spray of splinters at you.
The spray of wooden splinters hits you!!
You feel more protected from physical attacks.
You die...

≈. ♣≈≈♣♣≈..♣.≈...≈. ♣
♣≈♣♣ ♣..♣♣≈.≈♣..≈§≈).
.♣♣ ≈.♣
♣♣.♣♣♣≈≈≈♣♣≈≈≈♣.♣
D≈>♣D♣♣♣....♣.§..≈≈..♣.♣
♣.♣..♣♣<≈..?..≈♣..≈≈...
♣.D♣<.♣.≈♣.♣≈.≈.≈.♣....
♣.♣..≈D♣.♣♣♣♣♣♣.♣.♣♣♣♣.♣
♣♣○♣♣DD♣.♣ ♣♣...♣ ♣♣♣ ♣♣
♣♣y@♣♣ ♣♣.♣♣ ♣R.♣ ♣♣♣
♣♣♣♣


You could see an eleionoma (extremely poisoned, slow), a four-headed hydra, 5
swamp dragons and a vampire mosquito.

Vanquished Creatures
  Nikola (Lair:2)
  5 bunyips
  Snorg (Lair:4)
  An eleionoma (Swamp:1)
  Erolcha (D:10)
  Harold (D:7)
  The ghost of Kele the Black Sun, a journeyman DENe of Kikubaaqudgha (Lair:6)
  3 boulder beetles
  8 hydras
  A centaur warrior (D:12)
  2 alligators
  7 death yaks
  A two-headed ogre (D:10)
  9 orc high priests
  A sun demon (Orc:2)
  A spectral death yak (Lair:6)
  A torturous demonspawn (Orc:2)
  An infernal demonspawn (Orc:2)
  An unseen horror (D:12)
  A spriggan druid (Swamp:1)
  2 swamp dragons
  Pikel (D:8)
  6 orc knights
  2 oklob plants
  3 ugly things (D:11)
  A wolf spider zombie (D:11)
  A will-o-the-wisp (Swamp:1)
  5 orc sorcerers
  5 cyclopes
  21 elephants
  Joseph (D:10)
  A black mamba (Lair:5)
  A gargoyle (D:12)
  4 centaur skeletons
  9 cane toads
  11 komodo dragons
  4 rime drakes
  Maggie (D:8)
  An ice devil (Orc:2)
  4 polar bears
  A red devil (Orc:2)
  A bloated husk (Swamp:1)
  4 tyrant leeches
  5 trolls
  14 blink frogs
  13 hornets
  2 spectral black mambas (Lair:6)
  22 yaks
  20 spriggans
  4 wyverns
  A wraith (D:11)
  9 basilisks
  A death yak simulacrum (Lair:6)
  Edmund (D:6)
  2 vampire mosquitoes (Swamp:2)
  4 swamp worms
  10 water moccasins
  A hydra simulacrum (Lair:6)
  35 orc warriors
  A spectral torpor snail (Lair:6)
  6 black bears
  2 eyes of draining
  A sky beast (D:11)
  5 necrophages
  16 ogres
  6 phantoms
  4 ice beasts
  4 boggarts (Lair:6)
  10 centaurs
  44 wolves
  A lemure (D:8)
  6 big kobolds
  16 bullfrogs
  A gnoll sergeant (D:11)
  4 wyvern zombies
  A water moccasin zombie (D:6)
  6 scorpions
  5 killer bees (D:11)
  2 howler monkeys
  3 wights (D:6)
  2 bullfrog zombies
  7 hounds
  5 jellies
  26 orc priests
  2 bullfrog skeletons (D:8)
  2 iguanas
  19 orc wizards
  16 worker ants
  12 mummies (Ossuary)
  3 worker ant zombies
  A howler monkey zombie (D:10)
  24 gnolls
  17 adders
  A shadow imp (D:10)
  A white imp (D:7)
  An ufetubus (D:5)
  13 oozes
  An adder zombie (D:5)
  2 worms (D:6)
  4 dart slugs
  20 leopard geckos
  78 orcs
  12 giant cockroaches
  16 goblins
  4 hobgoblins
  12 jackals
  27 kobolds
  6 quokkas
  6 ball pythons
  6 bats
  16 frilled lizards
  2 gnoll skeletons (Ossuary)
  3 jackal skeletons (D:4)
  2 kobold skeletons (Ossuary)
  A leopard gecko skeleton (D:4)
  3 orc skeletons (Ossuary)
  A quokka skeleton (D:9)
  17 rats
  11 rat skeletons (Ossuary)
  4 rat zombies (D:3)
  A butterfly (Lair:4)
833 creatures vanquished.

Vanquished Creatures (others)
  3 orc warriors (D:8)
  A centaur (D:8)
  A big kobold (D:8)
  A bullfrog (D:8)
  A scorpion (D:8)
  A killer bee (D:8)
  A howler monkey (D:8)
  A hound (D:8)
  A jelly (D:8)
  An orc wizard (Orc:1)
  An orc (D:8)
  A giant cockroach (D:8)
  A gnoll skeleton (Ossuary)
  15 fungi
  63 plants
93 creatures vanquished.

Grand Total: 926 creatures vanquished

Notes
Turn   | Place    | Note
-------+----------+-------------------------------------------
     0 | D:1      | DirLemming the Demonspawn Gladiator began the quest for the
                  | Orb.
     0 | D:1      | Reached XP level 1. HP: 16/16 MP: 1/1
   196 | D:1      | Gained mutation: When hurt, damage is shared between your
                  | health and your magic reserves. [demonic ancestry]
   196 | D:1      | Reached XP level 2. HP: 22/23 MP: 2/2
   870 | D:2      | Found a hazy altar of Hepliaklqana.
   881 | D:2      | Found a white marble altar of Elyvilon.
   911 | D:2      | Gained mutation: You are partially covered in razor-sharp
                  | scales. (AC +1, Slay +1) [demonic ancestry]
   911 | D:2      | Reached XP level 3. HP: 28/28 MP: 3/3
  1127 | D:2      | Reached skill level 1 in Armour
  1127 | D:2      | Gained mutation: You are immune to rotting. [demonic
                  | ancestry]
  1127 | D:2      | Reached XP level 4. HP: 33/35 MP: 4/4
  1163 | D:2      | Found an ornate altar of the Wu Jian Council.
  1450 | D:2      | Gained mutation: You have sharp toenails. [demonic
                  | ancestry]
  1450 | D:2      | Reached XP level 5. HP: 40/41 MP: 5/5
  2364 | D:3      | Noticed an ogre
  2391 | D:3      | Killed an ogre
  2392 | D:3      | Reached XP level 6. HP: 34/48 MP: 4/6
  2853 | D:3      | Found an ancient bone altar of Kikubaaqudgha.
  3008 | D:4      | Reached XP level 7. HP: 32/55 MP: 5/7
  3405 | D:4      | Reached skill level 5 in Fighting
  3405 | D:4      | Reached skill level 5 in Polearms
  3574 | D:4      | Found a snail-covered altar of Cheibriados.
  3877 | D:5      | Entered Level 5 of the Dungeon
  3999 | D:5      | Found a large runed translucent door.
  3999 | D:5      | Found a large runed translucent door.
  4074 | D:5      | Gained mutation: You are mostly covered in razor-sharp
                  | scales. (AC +2, Slay +2) [demonic ancestry]
  4074 | D:5      | Reached XP level 8. HP: 43/64 MP: 8/8
  4126 | D:5      | Found a large runed translucent door.
  4126 | D:5      | Found a large runed translucent door.
  4131 | D:5      | Got a crude silver ring
  4133 | D:5      | Identified the ring "Xibeben" {Ice MR+ Dex+2 Slay+3} (You
                  | found it on level 5 of the Dungeon)
  4139 | D:5      | Got an ichor-stained chain mail
  4141 | D:5      | Got a shimmering dagger
  4142 | D:5      | Identified the cursed +1 dagger of Kuts {freeze, *Contam
                  | Int+5} (You found it on level 5 of the Dungeon)
  4164 | D:5      | Identified the cursed +1 chain mail "Usexuoqo" {rC+ rN+
                  | Str-2} (You found it on level 5 of the Dungeon)
  4352 | D:5      | Reached skill level 5 in Armour
  4821 | D:6      | Found a sacrificial altar of Ru.
  4847 | D:6      | Found a broken altar of Ashenzari.
  4939 | D:6      | Found a glowing drain.
  4957 | Sewer    | Entered a sewer
  5025 | Sewer    | Reached XP level 9. HP: 72/72 MP: 9/9
  5474 | D:6      | Noticed Edmund
  5486 | D:6      | Killed Edmund
  6324 | D:6      | Found a blossoming altar of Fedhas.
  6584 | D:7      | Found a sand-covered staircase.
  6593 | Ossuary  | Entered an ossuary
  6689 | Ossuary  | Gained mutation: You are occasionally teleported next to
                  | monsters. [mutagenic glow]
  6906 | D:7      | Found a flagged portal.
  6919 | Bailey   | Entered a bailey
  6932 | Bailey   | Noticed an orc knight
  6958 | Bailey   | Killed an orc knight
  6963 | Bailey   | Gained mutation: You may emit foul miasma when damaged in
                  | melee. [demonic ancestry]
  6963 | Bailey   | Reached XP level 10. HP: 40/82 MP: 5/10
  7457 | D:7      | Found a staircase to the Ecumenical Temple.
  7470 | Temple   | Entered the Ecumenical Temple
  7488 | Temple   | Became a worshipper of Qazlal Stormbringer
  7815 | D:7      | Noticed Harold
  7823 | D:7      | Killed Harold
  7969 | D:8      | Noticed Maggie
  7990 | D:8      | Killed Maggie
  8021 | D:8      | Found a sparkling altar of Nemelex Xobeh.
  8115 | D:8      | Noticed Pikel
  8132 | D:8      | Killed Pikel
  8133 | D:8      | Reached skill level 1 in Invocations
  8373 | D:8      | Reached * piety under Qazlal
  8685 | D:8      | Found a shadowy altar of Dithmenos.
  9106 | D:9      | Found a glowing golden altar of the Shining One.
  9126 | D:9      | Found a basalt altar of Yredelemnul.
  9702 | D:10     | Entered Level 10 of the Dungeon
  9718 | D:10     | Noticed a two-headed ogre
  9727 | D:10     | Killed a two-headed ogre
  9780 | D:10     | Found a staircase to the Lair.
  9780 | D:10     | Noticed an elephant
  9810 | D:10     | Killed an elephant
  9811 | D:10     | Gained mutation: You have razor-sharp toenails. [demonic
                  | ancestry]
  9811 | D:10     | Reached XP level 11. HP: 77/90 MP: 11/14
  9814 | D:10     | Reached skill level 10 in Fighting
  9949 | D:10     | Found a portal to a secret trove of treasure.
  9984 | D:10     | Noticed Joseph
  9984 | D:10     | Noticed Erolcha
 10011 | D:10     | Killed Joseph
 10015 | D:10     | Killed Erolcha
 10016 | D:10     | Reached skill level 5 in Invocations
 10135 | D:10     | Reached ** piety under Qazlal
 10796 | D:11     | Noticed a cyan ugly thing
 10956 | D:11     | Reached skill level 10 in Polearms
 11006 | D:11     | Noticed a purple ugly thing
 11035 | D:11     | Killed a purple ugly thing
 11054 | D:11     | Killed a red ugly thing
 11136 | D:11     | Found Danamayr's Armour Shoppe.
 11143 | D:11     | Noticed a boulder beetle
 11360 | D:11     | Reached *** piety under Qazlal
 11636 | D:11     | Killed a boulder beetle
 11675 | D:11     | You fall into a shaft and drop 1 floor!
 11761 | D:11     | Noticed a green ugly thing
 11771 | D:11     | Killed a green ugly thing
 11772 | D:11     | Gained mutation: You have claws for feet. [demonic
                  | ancestry]
 11772 | D:11     | Reached XP level 12. HP: 100/100 MP: 17/17
 11872 | D:11     | Found a staircase to the Orcish Mines.
 12312 | D:12     | Noticed a boulder beetle
 12319 | D:12     | Reached skill level 10 in Armour
 12345 | D:11     | Killed a boulder beetle
 12628 | D:12     | Noticed a centaur warrior
 12956 | D:12     | Reached **** piety under Qazlal
 12961 | D:12     | Killed a centaur warrior
 13650 | Lair:1   | Entered Level 1 of the Lair of Beasts
 13815 | Lair:1   | Reached skill level 1 in Shields
 13947 | Lair:1   | Noticed a five-headed hydra
 13956 | Lair:1   | Killed a five-headed hydra
 13957 | Lair:1   | Noticed a seven-headed hydra
 13970 | Lair:1   | Killed a seven-headed hydra
 13971 | Lair:1   | Reached skill level 10 in Invocations
 15024 | Lair:2   | Reached XP level 13. HP: 88/108 MP: 20/20
 15515 | Lair:2   | Found a staircase to the Swamp.
 17617 | Lair:4   | Noticed Snorg
 17630 | Lair:4   | Killed Snorg
 17630 | Lair:4   | Reached ***** piety under Qazlal
 17666 | Lair:4   | Reached skill level 5 in Shields
 18025 | Lair:4   | Found a staircase to the Snake Pit.
 18784 | Lair:5   | Reached skill level 1 in Stealth
 19156 | Lair:5   | Gained mutation: Your flesh is cold resistant. (rC+)
                  | [demonic ancestry]
 19156 | Lair:5   | Reached XP level 14. HP: 65/116 MP: 11/22
 19391 | Lair:5   | Found a runed translucent door.
 19391 | Lair:5   | Found a viscous altar of Jiyva.
 19392 | Lair:5   | Found a staircase to the Slime Pits.
 20434 | Lair:6   | Entered Level 6 of the Lair of Beasts
 22698 | Lair:6   | Found a runed translucent gate.
 22698 | Lair:6   | Found a runed translucent gate.
 22704 | Lair:6   | Noticed Kele's ghost (journeyman DENe)
 22773 | Lair:6   | Found a runed translucent gate.
 22848 | Lair:6   | Killed Kele's ghost
 23617 | Orc:1    | Entered Level 1 of the Orcish Mines
 23875 | Orc:1    | Found a roughly hewn altar of Beogh.
 24294 | Orc:2    | Entered Level 2 of the Orcish Mines
 24382 | Orc:2    | Found Dang's Magic Scroll Boutique.
 24485 | Orc:2    | Reached XP level 15. HP: 96/125 MP: 14/25
 24730 | Orc:2    | Found Wefi's Distillery.
 24816 | Orc:2    | Found Haikuboc's Distillery.
 24854 | Orc:2    | Bought a potion of mutation for 120 gold pieces
 24854 | Orc:2    | Lost mutation: You are occasionally teleported next to
                  | monsters. [potion of mutation]
 24854 | Orc:2    | Gained mutation: You tend to lose your temper in combat.
                  | [potion of mutation]
 24854 | Orc:2    | Gained mutation: Your spells are a little harder to cast,
                  | but a little more powerful. [potion of mutation]
 24857 | Orc:2    | Bought a potion of mutation for 104 gold pieces
 24857 | Orc:2    | Lost mutation: You tend to lose your temper in combat.
                  | [potion of mutation]
 24857 | Orc:2    | Lost mutation: Your spells are a little harder to cast, but
                  | a little more powerful. [potion of mutation]
 24857 | Orc:2    | Gained mutation: You expend magic power (3 MP) to
                  | strengthen your wands. [potion of mutation]
 24857 | Orc:2    | Gained mutation: Your muscles are strong. (Str +2) [potion
                  | of mutation]
 25333 | Orc:2    | Found a staircase to the Elven Halls.
 25518 | Orc:2    | Found Tuimif's Gadget Shoppe.
 25518 | Orc:2    | Found Otsemunk's Antique Armour Emporium.
 25518 | Orc:2    | Found a one-way gate leading to the halls of Pandemonium.
 25526 | Orc:2    | Bought a pair of embroidered gloves for 150 gold pieces
 25526 | Orc:2    | Bought a pair of embroidered gloves for 150 gold pieces
 25526 | Orc:2    | Bought a steaming chain mail for 190 gold pieces
 25526 | Orc:2    | Identified the +5 chain mail of the Doldrums {+Blink rPois
                  | rC- Str+3} (You bought it in a shop on level 2 of the
                  | Orcish Mines)
 25929 | Swamp:1  | Entered Level 1 of the Swamp
 25935 | Swamp:1  | Noticed Nikola
 25963 | Lair:2   | Killed Nikola
 26513 | Swamp:1  | HP: 4/126 [spriggan rider/+0 spear (9)]
 27228 | Swamp:1  | You fall into a shaft and drop 1 floor!
 27476 | Swamp:2  | Reached skill level 1 in Axes
 27496 | Swamp:2  | Killed from afar by an eleionoma

Illustrated notes

Levels and vault maps discovered:
D:1:      heliophobic_arrival_glass_houses, layout_rooms,
          minmay_indecisive_spiral
D:2:      minmay_angry_zag, layout_loops_ring, elyvilon_altar_1,
          overflow_temple_1_default, old_standard_altar,
          serial_co_window_serial, co_window_paths_b, co_window_paths_a,
          co_window_corner_a, co_window_paths_a, co_window_corner_a,
          co_window_of_opportunity_b, co_window_2corner, co_window_broadway_a,
          co_window_unsneaky_path_b, co_window_2corner, co_window_paths_e,
          minmay_hexomino_u4
D:3:      layout_rooms, lemuel_zombie_altar_kikubaaqudgha
D:4:      layout_layer_cave, general_overflow_altar
D:5:      layout_rooms, minmay_hollow_rounded_squares
D:6:      layout_cave_pods, ashenzari_altar_1, hangedman_ru_absence,
          cheibrodos_sewer_entry_drain, fedhas_ov_isle_minmay, uniq_edmund
D:7:      layout_loops_cross, minmay_temple_entry_offerings,
          nicolae_ossuary_entry_ruins, enter_bailey_7, uniq_harold
D:8:      kennysheep_blocky_hall, layout_loops_cross, led_sif_pool,
          nemelex_xobeh_ov_fountains_minmay, nicolae_overflow_hidden_temple,
          xom_confusion_cloud, hangedman_abyss_or_decor_clamps, uniq_maggie,
          uniq_gastronok, uniq_pikel
D:9:      layout_stronghold, kennysheep_mini, marbit_many_paths,
          roderic_serpentine_path, hex_large
D:10:     minmay_ornate_pinched, layout_loops_cross, david_lair_generic,
          enter_trove_6, st_stairs_11, uniq_joseph, uniq_erolcha
D:11:     layout_loops_ring, kennysheep_orc_monster_closet_entryway,
          serial_shops, nicolae_shop_crystal
D:12:     layout_cave_pools
Temple:   compressed_dpeg_triangle_lava_temple
Lair:1:   layout_hall_layers, minmay_lair_oklob_bushes, wad_woods_02,
          grunt_megastairs_2
Lair:2:   wander_river, layout_cave_pods, minmay_swamp_entry_worms,
          roderic_carrion_pond
Lair:3:   layout_cave_pods, infiniplex_staircase_pool_2
Lair:4:   layout_layer_cave, dummy_snake_entry, beast_lair_carwin_3,
          lemuel_fruit_tree, lemuel_fruit_fields, uniq_snorg
Lair:5:   layout_cellular_growth, slime_altar_2, grunt_megastairs_5
Lair:6:   minmay_lair_end_enchanted_forest, layout_small_grid,
          gammafunk_ghost_necromancy, grunt_megastairs_4
Swamp:1:  layout_falls_marsh, hangedman_swamp_blocks, uniq_nikola
Swamp:2:  layout_falls_marsh, gammafunk_ghost_grave,
          nicolae_swamp_orc_logging_accident
Orc:1:    layout_caves, minmay_orc_temple_b
Orc:2:    pf_orc_diabolical, layout_caves, serial_shops, shop

Skill      XL: |  1  2  3  4  5  6  7  8  9 10 11 12 13 14 15 |
---------------+----------------------------------------------+-----
Polearms       | 3 4 5 6 8 9 10 11 12 | 12.0
Fighting       | 3 4 5 7 8 9 11 12 13 14 | 14.3
Armour         | 1 2 3 4 5 7 8 9 10 11 12 13 | 13.0
Invocations    | 4 7 10 11 13 14 | 14.5
Shields        | 2 5 7 8 |  8.8
Stealth        | 1 |  1.0
Axes           | 1 |  1.2
Throwing       | |  1.7
Dodging        | |  2.6

Action                   |  1- 3 |  4- 6 |  7- 9 | 10-12 | 13-15 || total
-------------------------+-------+-------+-------+-------+-------++-------
Melee: Spear             |   125 |   206 |   148 |   824 |  1489 ||  2792
       Trident           |     3 |       |       |       |       ||     3
       Kick              |       |    35 |   190 |   364 |   694 ||  1283
       Dagger            |       |       |   310 |       |       ||   310
       Flail             |       |       |    54 |    20 |       ||    74
       Broad axe         |       |       |       |       |    30 ||    30
Throw: Throwing net      |       |       |     1 |       |       ||     1
Invok: Upheaval          |       |       |       |     4 |     1 ||     5
       Disaster Area     |       |       |       |       |     4 ||     4
  Use: Scroll            |       |     5 |    13 |     5 |    11 ||    34
       Potion            |       |       |       |     1 |     2 ||     3
 Stab: Distracted        |     1 |       |       |       |       ||     1
       Sleeping          |     1 |     8 |     3 |       |       ||    12
Armor: Leather armour    |    17 |       |       |       |       ||    17
       Shadow dragon sca |    15 |    84 |    61 |       |       ||   160
       Chain mail        |       |       |   176 |    25 |    57 ||   258
       Fire dragon scale |       |       |       |   236 |   335 ||   571
Dodge: Dodged            |    57 |    58 |   220 |   285 |   334 ||   954
       Repelled          |       |       |       |       |     4 ||     4
Block: Other             |       |       |       |    55 |       ||    55
       Buckler           |       |       |       |    11 |   656 ||   667

Table legend: (Time is in decaauts)
 A = Elapsed time spent in this place.
 B = Non-inter-level travel time spent in this place.
 C = Inter-level travel time spent in this place.
 D = Time resting spent in this place.
 E = Time spent auto-exploring this place.
 F = Levels seen in this place.
 G = Mean time per level.
                   A        B        C        D        E       F      G
               +--------+--------+--------+--------+--------+-----+--------+
         Total |  26616 |  25557 |   1059 |   3675 |  15218 |  26 | 1023.7 |
       Dungeon |  12542 |  11900 |    642 |   1167 |   7595 |  12 | 1045.2 |
        Temple |     36 |     36 |      0 |      0 |      0 |   1 |   36.0 |
          Lair |  10290 |   9896 |    394 |   1932 |   6198 |   6 | 1715.0 |
         Swamp |    640 |    640 |      0 |      0 |    351 |   2 |  320.0 |
  Orcish Mines |   1961 |   1938 |     23 |    445 |    850 |   2 |  980.5 |
         Sewer |    489 |    489 |      0 |      0 |    176 |   1 |  489.0 |
       Ossuary |    255 |    255 |      0 |      0 |      0 |   1 |  255.0 |
        Bailey |    399 |    399 |      0 |    131 |     48 |   1 |  399.0 |
               +--------+--------+--------+--------+--------+-----+--------+

Top non-repeatable levels by time:
  Lair:5: 2785 daAuts
    D:11: 2214 daAuts
  Lair:2: 1957 daAuts
  Lair:4: 1528 daAuts
  Lair:6: 1516 daAuts
   Orc:2: 1344 daAuts
  Lair:1: 1309 daAuts
     D:2: 1212 daAuts
  Lair:3: 1193 daAuts
     D:6: 1149 daAuts
     D:5: 1097 daAuts
     D:4: 1011 daAuts
    D:10: 1004 daAuts
     D:9: 961 daAuts
     D:1: 860 daAuts
